 Dungeon Crawl Stone Soup version 0.28.0-43-g3370ac3207 (webtiles) character file.

Game seed: 16774256559164425128

54 issech the Cudgeller (level 3, -2/36 HPs)
             Began as a Troll Monk on Mar 23, 2022.
             Slain by an adder (4 damage)
             ... on level 3 of the Dungeon.
             The game lasted 00:05:05 (1620 turns).

issech the Cudgeller (Troll Monk)                   Turns: 1620, Time: 00:05:07

Health: -2/36      AC:  4    Str: 19    XL:     3   Next: 66%
Magic:  2/2        EV: 10    Int:  6    God:
Gold:   69         SH:  0    Dex: 14    Spells: 2/2 levels left

rFire   . . .      SeeInvis .   a - +0 mace
rCold   . . .      Faith    .   (no shield)
rNeg    . . .      Spirit   .   b - +0 robe
rPois   .          Reflect  .   (helmet restricted)
rElec   .          Harm     .   (no cloak)
rCorr   .          Rampage  .   (gloves unavailable)
Will    .....                   (boots unavailable)
Stlth   ++........              (no amulet)
HPRegen 0.92/turn               (no ring)
MPRegen 0.08/turn               (no ring)

@: no status effects
A: large, unfitting armour, claws 3, regeneration 1, shaggy fur 1, tough skin 1
a: no special abilities


You were on level 3 of the Dungeon.
You visited 1 branch of the dungeon, and saw 3 of its levels.

You collected 69 gold pieces.

Inventory:

Hand Weapons
 a - a +0 mace (weapon)
 k - a +1 hunting sling of flaming
Missiles
 i - 29 sling bullets
 l - 3 poisoned darts (quivered)
 m - 35 bolts
Armour
 b - a +0 robe (worn)
Magical Staves
 n - a staff of death
Jewellery
 e - a ring of fire
Scrolls
 d - a scroll of acquirement {unknown}
 f - a scroll of summoning {unknown}
 g - 2 scrolls of teleportation {unknown}
 h - a scroll of fear {unknown}
 o - a scroll of identify {unknown}
Potions
 c - a potion of heal wounds {unknown}
 j - a potion of curing {unknown}


   Skills:
 + Level 2.9 Fighting
 + Level 3.4 Maces & Flails
 + Level 2.8 Dodging
 + Level 1.1 Stealth


You had 2 spell levels left.
You didn't know any spells.
Your spell library was empty.

Dungeon Overview and Level Annotations

Branches:
Dungeon (3/15)

Altars:


Innate Abilities, Weirdness & Mutations

You are too large for most types of armour.
You have claws for hands.
Your natural rate of healing is unusually fast.
You are covered in fur. (AC +1)
You have tough skin. (AC +1)


Message History

The adder is moderately wounded.
The goblin shoots a stone.
The stone hits you. The adder barely misses you.
The goblin shoots a stone.
The stone hits you.
You miss the adder.
The adder is moderately wounded.
The adder bites you.
You are poisoned.
The adder poisons you! The adder bites you.
You are more poisoned.
The adder poisons you!
The goblin shoots a stone.
The stone barely misses you.
You closely miss the adder.
The adder is moderately wounded.
You feel very sick. The adder bites you but does no damage.
The adder barely misses you.
You hit the adder but do no damage.
The adder is moderately wounded.
You feel sick.
The goblin unwields a +0 hunting sling.
The goblin wields a +0 club.
The goblin barely misses you. The adder closely misses you.
You closely miss the adder.
The adder is moderately wounded.
You feel sick. The adder bites you but does no damage.
The goblin hits you with a +0 club.
* * * LOW HITPOINT WARNING * * *
The adder barely misses you.
You feel sick. The goblin hits you with a +0 club.
* * * LOW HITPOINT WARNING * * *
You feel sick.
The goblin unwields a +0 club.
The goblin wields a +0 hunting sling.
The goblin shoots a stone.
The stone closely misses you.
You feel sick. The adder barely misses you.
You feel sick.
You closely miss the adder.
The adder is moderately wounded.
You feel sick.
You are no longer poisoned.
The adder bites you.
* * * LOW HITPOINT WARNING * * *
The adder bites you.
You die...

#..#..###.###....
#..# #.# . #. #.#
#. #.# >#..###.#
........#
.#.###..#### #.
#.....#
#.###@###.### #
###..[.S......#
#..#...†##g###.#.#
#....#..†......#.#
#....#(........
##...##.###....
#.$...... ...
............ .#
###.#.#.####....


You could see an adder and a goblin.

Vanquished Creatures
  2 worms (D:2)
  A dart slug (D:1)
  3 ball pythons
  5 endoplasms
  5 giant cockroaches
  5 goblins
  3 hobgoblins
  2 jackals (D:1)
  A kobold (D:1)
  3 quokkas (D:1)
  3 bats
  5 frilled lizards
  A rat (D:1)
39 creatures vanquished.

Vanquished Creatures (others)
  A dart slug (D:3)
1 creature vanquished.

Grand Total: 40 creatures vanquished

Notes
Turn   | Place    | Note
-------+----------+-------------------------------------------
     0 | D:1      | issech the Troll Monk began the quest for the Orb.
     0 | D:1      | Reached XP level 1. HP: 22/22 MP: 0/0
   343 | D:1      | Reached XP level 2. HP: 29/29 MP: 1/1
   351 | D:1      | Reached skill level 3 in Maces & Flails
   757 | D:1      | Reached XP level 3. HP: 34/36 MP: 2/2
  1506 | D:3      | Noticed a black bear
  1620 | D:3      | Slain by an adder

Illustrated notes

Levels and vault maps discovered:
D:1:      tarquinn_simple_flora_water_e, layout_loops_cross
D:2:      layout_loops_ring
D:3:      layout_loops_ring, nicolae_overflow_ecumenical_swirl,
          ebering_ecumenical_altar_box, serial_park_tiny_1,
          uniq_crazy_yiuf_cottage

Skill      XL: |  1  2 |
---------------+-------+-----
Maces & Flails | 3 |  3.4
Fighting       | |  2.9
Dodging        | |  2.8
Stealth        | |  1.1

Action                   || total
-------------------------++-------
Melee: Mace              ||   121
       Punch             ||     2
Armor: Robe              ||    69
Dodge: Dodged            ||    88
